SL
BUCKHEAD BOWTIES @ SAN MATEO DIRTY REDS
07/11/2042
 
TOP OF THE 1ST
Buckhead Bowties batting - Pitching for San Mateo Dirty Reds : RHP Anastasio Cabanillas Jr.
Pitching: RHP Anastasio Cabanillas Jr.
Batting: SHB Silvio Capitanio 0-0: Called Strike
0-1: Ball
1-1: Called Strike
1-2: Fly out, F9 (Flyball, 89M, EV 94.4 MPH)
Batting: LHB Marcus Shill 0-0: Ball
1-0: Ball
2-0: Ball
3-0: Base on Balls
Batting: LHB Jesús Encarnación 0-0: Ball
1-0: Called Strike
1-1: Foul Ball, location: 2F
1-2: Ball
2-2: Ball
3-2: Fly out, F8 (Flyball, 8RM, EV 82.5 MPH)
Batting: LHB Jared Schneider 0-0: Called Strike
0-1: Foul Ball, location: 2F
0-2: SINGLE (Groundball, 34D, EV 96.9 MPH)
Marcus Shill to second
Runner from 2nd tries for 3rd, SAFE, throw by RF made to third
Batting: LHB Spencer Powell 0-0: Ball
1-0: Swinging Strike
1-1: 3-RUN HOME RUN (Flyball, 9LD, EV 93.8 MPH), Distance : 326 ft
Batting: LHB Charles Godard 0-0: Called Strike
0-1: Ball
1-1: Foul Ball, location: 2F
1-2: Foul Ball, location: 2F
1-2: Ball
2-2: Fly out, F9 (Flyball, 89M, EV 83.1 MPH)
Top of the 1st over - 3 runs, 2 hits, 0 errors, 0 left on base; Buckhead 3 - San Mateo 0
BOTTOM OF THE 1ST
San Mateo Dirty Reds batting - Pitching for Buckhead Bowties : RHP Milutin Panic
Pitching: RHP Milutin Panic
Batting: SHB Shiki Sanu 0-0: Ball
1-0: Foul Ball, location: 2F
1-1: Foul Ball, location: 2F
1-2: Strikes out swinging
Batting: RHB Kawenaula Alohalani 0-0: Ball
1-0: Ball
2-0: Ball
3-0: Base on Balls
Batting: LHB Esteban Sifuentes 0-0: Foul Ball, location: 2F
0-1: Ball
1-1: Ball
2-1: Foul Ball, location: 2F
2-2: Fly out, F9 (Flyball, 89S, EV 82.5 MPH)
Batting: RHB Javier Sierra 0-0: Ball
1-0: Ball
2-0: Fly out, F9 (Flyball, 89XD, EV 96.9 MPH)
Bottom of the 1st over - 0 runs, 0 hits, 0 errors, 1 left on base; Buckhead 3 - San Mateo 0
TOP OF THE 2ND
Buckhead Bowties batting - Pitching for San Mateo Dirty Reds : RHP Anastasio Cabanillas Jr.
Batting: RHB Juan Barrón 0-0: Ball
1-0: Swinging Strike
1-1: Called Strike
1-2: DOUBLE (Line Drive, 7LM, EV 95.0 MPH)
Batting: RHB Obiniana Romulo 0-0: Called Strike
0-1: Ball
1-1: SINGLE (Groundball, 6MD, EV 108.1 MPH)
Juan Barrón to third
Batting: RHB Cam Lumsden 0-0: Ball
1-0: Swinging Strike
1-1: Called Strike
1-2: Ball
2-2: Grounds into double play, 5-4-3 (Groundball, 5, EV 76.9 MPH)
Juan Barrón scores
Batting: SHB Silvio Capitanio 0-0: Foul Ball, location: 2F
0-1: Ground out U3 (Groundball, 3, EV 80.6 MPH)
Top of the 2nd over - 1 run, 2 hits, 0 errors, 0 left on base; Buckhead 4 - San Mateo 0
BOTTOM OF THE 2ND
San Mateo Dirty Reds batting - Pitching for Buckhead Bowties : RHP Milutin Panic
Batting: RHB Dong-young Won 0-0: Swinging Strike
0-1: Ball
1-1: Ball
2-1: Ball
3-1: Called Strike
3-2: SINGLE (Flyball, 4D, EV 91.9 MPH)
Batting: LHB Palaie Gaoteote 0-0: Called Strike
0-1: Foul Ball, location: 2F
0-2: Ball
1-2: Strikes out swinging
Batting: RHB Ambrose Watkins 0-0: Called Strike
0-1: 2-RUN HOME RUN (Flyball, 78XD, EV 96.2 MPH), Distance : 385 ft
Batting: LHB Richard Edwards 0-0: Ball
1-0: Foul Ball, location: 2F
1-1: Ball
2-1: Ball
3-1: Called Strike
3-2: SINGLE (Flyball, 89S, EV 95.0 MPH)
Batting: LHB Walker Ragland 0-0: Ball
1-0: Fielders Choice at 2nd, 4-6 (Groundball, 34, EV 102.5 MPH)
Batting: SHB Shiki Sanu 0-0: Ball
1-0: Ball
2-0: Called Strike
2-1: Foul Ball, location: 2F
2-2: Strikes out swinging
Bottom of the 2nd over - 2 runs, 3 hits, 0 errors, 1 left on base; Buckhead 4 - San Mateo 2
TOP OF THE 3RD
Buckhead Bowties batting - Pitching for San Mateo Dirty Reds : RHP Anastasio Cabanillas Jr.
Batting: LHB Marcus Shill 0-0: Ball
1-0: Called Strike
1-1: DOUBLE (Line Drive, 8LD, EV 101.9 MPH)
Batting: LHB Jesús Encarnación 0-0: Ball
1-0: Ball
2-0: 2-RUN HOME RUN (Flyball, 9D, EV 96.2 MPH), Distance : 390 ft
Batting: LHB Jared Schneider 0-0: Ball
1-0: Called Strike
1-1: Foul Ball, location: 2F
1-2: Foul Ball, location: 2F
1-2: Ball
2-2: Foul Ball, location: 2F
2-2: DOUBLE (Line Drive, 7LM, EV 95.0 MPH)
Pitching: RHP John Walton
Batting: LHB Spencer Powell 0-0: Called Strike
0-1: Foul Ball, location: 2F
0-2: Strikes out looking
Batting: LHB Charles Godard 0-0: Fly out, F8 (Flyball, 8RD, EV 86.9 MPH)
Runner from 2nd tags up, SAFE at 3rd with throw by CF
Batting: RHB Juan Barrón 0-0: Ball
1-0: Ground out 5-3 (Groundball, 5, EV 77.5 MPH)
Top of the 3rd over - 2 runs, 3 hits, 0 errors, 1 left on base; Buckhead 6 - San Mateo 2
BOTTOM OF THE 3RD
San Mateo Dirty Reds batting - Pitching for Buckhead Bowties : RHP Milutin Panic
Batting: RHB Kawenaula Alohalani 0-0: Ball
1-0: Called Strike
1-1: Foul Ball, location: 2F
1-2: Foul Ball, location: 2F
1-2: Ball
2-2: Fly out, F4 (Popup, 34, EV 56.2 MPH)
Batting: LHB Esteban Sifuentes 0-0: Ball
1-0: Fly out, F8 (Flyball, 8RM, EV 85.0 MPH)
Batting: RHB Javier Sierra 0-0: Ball
1-0: Ground out 1-3 (Groundball, P, EV 81.2 MPH)
Bottom of the 3rd over - 0 runs, 0 hits, 0 errors, 0 left on base; Buckhead 6 - San Mateo 2
TOP OF THE 4TH
Buckhead Bowties batting - Pitching for San Mateo Dirty Reds : RHP John Walton
Batting: RHB Obiniana Romulo 0-0: SINGLE (Line Drive, 7S, EV 100.0 MPH)
Batting: RHB Cam Lumsden 0-0: Called Strike
Obiniana Romulo steals 2nd base
0-1: Ball
1-1: Called Strike
1-2: Fly out, F9 (Flyball, 9S, EV 85.0 MPH)
Batting: SHB Silvio Capitanio 0-0: Called Strike
0-1: Foul Ball, location: 2F
0-2: Ball
1-2: SINGLE (Flyball, 7LS, EV 86.2 MPH)
Obiniana Romulo to third
Batting: LHB Marcus Shill 0-0: Swinging Strike
0-1: Called Strike
0-2: Strikes out swinging
Batting: LHB Jesús Encarnación 0-0: Foul Ball, location: 2F
0-1: Foul Ball, location: 2F
0-2: Ball
1-2: 3-RUN HOME RUN (Flyball, 89XD, EV 111.2 MPH), Distance : 371 ft
Batting: LHB Jared Schneider 0-0: Ball
1-0: Called Strike
1-1: Ball
2-1: Ball
3-1: Foul Ball, location: 2F
3-2: Foul Ball, location: 2F
3-2: Ground out 6-3 (Groundball, 6M, EV 107.5 MPH)
Top of the 4th over - 3 runs, 3 hits, 0 errors, 0 left on base; Buckhead 9 - San Mateo 2
BOTTOM OF THE 4TH
San Mateo Dirty Reds batting - Pitching for Buckhead Bowties : RHP Milutin Panic
Batting: RHB Dong-young Won 0-0: Ball
1-0: Ground out 6-3 (Groundball, 6, EV 102.5 MPH)
Batting: LHB Palaie Gaoteote 0-0: Swinging Strike
0-1: Ball
1-1: Ground out 6-3 (Groundball, 4MS, EV 83.8 MPH)
Batting: RHB Ambrose Watkins 0-0: Ball
1-0: Called Strike
1-1: Ground out 4-3 (Groundball, 4, EV 80.6 MPH)
Bottom of the 4th over - 0 runs, 0 hits, 0 errors, 0 left on base; Buckhead 9 - San Mateo 2
TOP OF THE 5TH
Buckhead Bowties batting - Pitching for San Mateo Dirty Reds : RHP John Walton
Pitching: RHP Matt Digby
Batting: LHB Spencer Powell 0-0: Ball
1-0: Called Strike
1-1: SINGLE (Flyball, 7LS, EV 86.2 MPH)
Batting: LHB Charles Godard 0-0: Called Strike
0-1: Swinging Strike
0-2: Strikes out swinging
Batting: RHB Juan Barrón 0-0: Swinging Strike
0-1: Ball
1-1: DOUBLE (Line Drive, 7LM, EV 109.4 MPH)
Spencer Powell to third
Runner from 3rd tries for Home, SAFE, no throw by LF
Batting: RHB Obiniana Romulo 0-0: Called Strike
0-1: Foul Ball, location: 2F
0-2: Strikes out swinging
Batting: RHB Cam Lumsden 0-0: Called Strike
0-1: Ball
1-1: Swinging Strike
1-2: Strikes out swinging
Top of the 5th over - 1 run, 2 hits, 0 errors, 1 left on base; Buckhead 10 - San Mateo 2
BOTTOM OF THE 5TH
San Mateo Dirty Reds batting - Pitching for Buckhead Bowties : RHP Milutin Panic
Batting: LHB Richard Edwards 0-0: Ball
1-0: Ball
2-0: Called Strike
2-1: Ball
3-1: Base on Balls
Batting: LHB Walker Ragland 0-0: Called Strike
0-1: Ball
1-1: Ball
2-1: Ball
3-1: Fielders Choice at 2nd, 4-6 (Groundball, 4M, EV 101.9 MPH)
Batting: SHB Shiki Sanu 0-0: Ball
1-0: Ball
2-0: Called Strike
2-1: Called Strike
2-2: Foul Ball, location: 2F
2-2: Ball
3-2: Strikes out swinging
Batting: RHB Kawenaula Alohalani 0-0: Called Strike
0-1: Foul Ball, location: 2F
0-2: Fly out, F9 (Flyball, 9S, EV 84.4 MPH)
Bottom of the 5th over - 0 runs, 0 hits, 0 errors, 1 left on base; Buckhead 10 - San Mateo 2
TOP OF THE 6TH
Buckhead Bowties batting - Pitching for San Mateo Dirty Reds : RHP Matt Digby
Batting: SHB Silvio Capitanio 0-0: Ball
1-0: Ground out U3 (Groundball, 3, EV 93.8 MPH)
Batting: LHB Marcus Shill 0-0: Ball
1-0: Called Strike
1-1: SOLO HOME RUN (Flyball, 9D, EV 108.1 MPH), Distance : 357 ft
Batting: LHB Jesús Encarnación 0-0: Called Strike
0-1: Ball
1-1: Foul Ball, location: 2F
1-2: Ball
2-2: Reaches on Catchers interference
Batting: LHB Jared Schneider 0-0: Hit by Pitch
Jesús Encarnación to second
Batting: LHB Spencer Powell 0-0: Called Strike
0-1: Foul Ball, location: 2F
0-2: Strikes out swinging
Batting: LHB Charles Godard 0-0: Called Strike
0-1: SINGLE (Groundball, 4MD, EV 106.2 MPH)
Jesús Encarnación to third
Jared Schneider to second
Runner from 3rd tries for Home, SAFE, throw by CF to home
Batting: RHB Juan Barrón 0-0: Ball
1-0: Fly out, F8 (Line Drive, 8RD, EV 88.8 MPH)
Top of the 6th over - 2 runs, 2 hits, 1 error, 2 left on base; Buckhead 12 - San Mateo 2
BOTTOM OF THE 6TH
San Mateo Dirty Reds batting - Pitching for Buckhead Bowties : RHP Milutin Panic
Batting: LHB Esteban Sifuentes 0-0: Fly out, F5 (Popup, 56S, EV 68.8 MPH)
Batting: RHB Javier Sierra 0-0: Foul Ball, location: 2F
0-1: Ball
1-1: Ball
2-1: Swinging Strike
2-2: Ball
3-2: Foul Ball, location: 2F
3-2: Base on Balls
Batting: RHB Dong-young Won 0-0: Ball
1-0: Ball
2-0: Ball
3-0: Called Strike
3-1: Fly out, F9 (Flyball, 9, EV 85.6 MPH)
Batting: LHB Palaie Gaoteote 0-0: Ball
1-0: Ball
2-0: Fly out, F2 (Popup, 3SF, EV 91.9 MPH)
Bottom of the 6th over - 0 runs, 0 hits, 0 errors, 1 left on base; Buckhead 12 - San Mateo 2
TOP OF THE 7TH
Buckhead Bowties batting - Pitching for San Mateo Dirty Reds : RHP Matt Digby
Batting: RHB Obiniana Romulo 0-0: Foul Ball, location: 2F
0-1: Ball
1-1: Swinging Strike
1-2: Ball
2-2: Ball
3-2: Strikes out swinging
Batting: RHB Cam Lumsden 0-0: Called Strike
0-1: Fly out, F9 (Flyball, 89M, EV 87.5 MPH)
Batting: SHB Silvio Capitanio 0-0: Foul Ball, location: 2F
0-1: Ball
1-1: Ball
2-1: Ball
3-1: Base on Balls
Pinch Hitting: SHB Blaine Callahan 0-0: Called Strike
0-1: Ball
1-1: Foul Ball, location: 2F
1-2: Fly out, F6 (Line Drive, 6, EV 76.9 MPH)
Top of the 7th over - 0 runs, 0 hits, 0 errors, 1 left on base; Buckhead 12 - San Mateo 2
BOTTOM OF THE 7TH
San Mateo Dirty Reds batting - Pitching for Buckhead Bowties : RHP Milutin Panic
Pitching: RHP Omar Morales
Now in LF: Blaine Callahan
Batting: RHB Ambrose Watkins 0-0: Ball
1-0: Ball
2-0: Ball
3-0: Called Strike
3-1: Called Strike
3-2: Fly out, F3 (Popup, 3S, EV 80.0 MPH)
Batting: LHB Richard Edwards 0-0: Ball
1-0: Called Strike
1-1: Ball
2-1: Ball
3-1: Base on Balls
Batting: LHB Walker Ragland 0-0: Called Strike
Richard Edwards steals 2nd base
0-1: Swinging Strike
0-2: Ball
1-2: Fly out, F1 (Line Drive, P, EV 68.8 MPH)
Batting: SHB Shiki Sanu 0-0: Foul Ball, location: 2F
0-1: Foul Ball, location: 2F
0-2: Foul Ball, location: 2F
0-2: Fly out, F7 (Flyball, 7LS, EV 91.2 MPH)
Bottom of the 7th over - 0 runs, 0 hits, 0 errors, 1 left on base; Buckhead 12 - San Mateo 2
TOP OF THE 8TH
Buckhead Bowties batting - Pitching for San Mateo Dirty Reds : RHP Matt Digby
Batting: LHB Jesús Encarnación 0-0: Called Strike
0-1: Ball
1-1: Swinging Strike
1-2: Ball
2-2: Ball
3-2: Base on Balls
Pitching: RHP Okura Yamasaki
Batting: LHB Jared Schneider 0-0: Ball
1-0: Swinging Strike
1-1: Called Strike
1-2: Foul Ball, location: 2F
1-2: Ball
2-2: Strikes out swinging
Batting: LHB Spencer Powell 0-0: Called Strike
0-1: Ball
1-1: Ball
2-1: Fly out, F3 (Popup, 3SF, EV 80.0 MPH)
Batting: LHB Charles Godard 0-0: Swinging Strike
0-1: Called Strike
0-2: Ground out 6-3 (Groundball, 6M, EV 87.5 MPH)
Top of the 8th over - 0 runs, 0 hits, 0 errors, 1 left on base; Buckhead 12 - San Mateo 2
BOTTOM OF THE 8TH
San Mateo Dirty Reds batting - Pitching for Buckhead Bowties : RHP Omar Morales
Batting: RHB Kawenaula Alohalani 0-0: Ball
1-0: Ball
2-0: Ball
3-0: Base on Balls
Batting: LHB Esteban Sifuentes 0-0: Ball
1-0: Called Strike
1-1: Called Strike
1-2: Grounds into double play, 1-6-3 (Groundball, 13, EV 83.1 MPH)
Batting: RHB Javier Sierra 0-0: Ball
1-0: Fly out, F8 (Flyball, 8LM, EV 87.5 MPH)
Bottom of the 8th over - 0 runs, 0 hits, 0 errors, 0 left on base; Buckhead 12 - San Mateo 2
TOP OF THE 9TH
Buckhead Bowties batting - Pitching for San Mateo Dirty Reds : RHP Okura Yamasaki
Batting: RHB Juan Barrón 0-0: Swinging Strike
0-1: Ball
1-1: Called Strike
1-2: SINGLE (Groundball, 4M, EV 93.1 MPH) (infield hit)
Batting: RHB Obiniana Romulo 0-0: Swinging Strike
0-1: Fly out, F3 (Popup, 34S, EV 81.9 MPH)
Batting: RHB Cam Lumsden 0-0: Grounds into double play, 6-4-3 (Groundball, 6, EV 97.5 MPH)
Top of the 9th over - 0 runs, 1 hit, 0 errors, 0 left on base; Buckhead 12 - San Mateo 2
BOTTOM OF THE 9TH
San Mateo Dirty Reds batting - Pitching for Buckhead Bowties : RHP Omar Morales
Pinch Hitting: RHB Robby Long 0-0: Foul Ball, location: 2F
0-1: Ball
1-1: Swinging Strike
1-2: Ball
2-2: Foul Ball, location: 2F
2-2: Ball
3-2: Base on Balls
Batting: LHB Palaie Gaoteote 0-0: Ball
1-0: Ball
2-0: Called Strike
2-1: Foul Ball, location: 2F
2-2: Strikes out swinging
Batting: RHB Ambrose Watkins 0-0: Called Strike
0-1: SINGLE (Line Drive, 6D, EV 96.2 MPH)
Robby Long to second
Batting: LHB Richard Edwards 0-0: Ball
1-0: Ball
2-0: Fielders Choice at 2nd, 6-4 (Groundball, 6M, EV 100.6 MPH)
Robby Long to third
Now at 3B: Barsati Saraf
Batting: LHB Walker Ragland 0-0: Called Strike
0-1: Ball
1-1: Ball
2-1: Called Strike
2-2: Ball
3-2: Foul Ball, location: 2F
3-2: Foul Ball, location: 2F
3-2: Foul Ball, location: 2F
3-2: SINGLE (Groundball, 34, EV 87.5 MPH) (infield hit)
Robby Long scores
Richard Edwards to second
Batting: SHB Shiki Sanu 0-0: Ball
1-0: Foul Ball, location: 2F
1-1: Fly out, F8 (Flyball, 8LD, EV 95.6 MPH)
Bottom of the 9th over - 1 run, 2 hits, 0 errors, 2 left on base; Buckhead 12 - San Mateo 3
Friday, March 26th, 2021 - OOTP Baseball 20.8 Build 74